 Dungeon Crawl Stone Soup version 0.26.0-16-gc1dbca0489 (webtiles) character file.

Game seed: 12837137518168915274

156080 Froggeryz the Wrestler (level 17, -11/150 HPs)
             Began as a Ghoul Delver on Jan 18, 2021.
             Was the Champion of Qazlal.
             Mangled by a large abomination (15 damage)
             ... on level 3 of the Abyss.
             The game lasted 00:45:11 (35031 turns).

Froggeryz the Wrestler (Ghoul Delver)              Turns: 35031, Time: 00:45:11

Health: -11/150    AC: 17    Str: 25    XL:     17   Next: 66%
Magic:  27/27      EV: 12    Int:  5    God:    Qazlal [******]
Gold:   2601       SH: 19    Dex: 11    Spells: 16/16 levels left

rFire    + . .     SeeInvis .     - Unarmed
rCold    + + +     Faith    .   B - +0 buckler
rNeg     + + +     Spirit   .   S - +2 scale mail {rC+}
rPois    ∞         Reflect  +   j - +0 helmet
rElec    +         Harm     .   X - +2 cloak
rCorr    .         Rampage  .   (no gloves)
Will     +....                  R - +2 pair of boots of Esihaep {rC+ Str+3}
Stlth    +.........             Q - amulet of reflection
HPRegen  0.00/turn              a - +4 ring of slaying
MPRegen  0.20/turn              h - ring of protection from fire

@: about to teleport, protected from electricity, repel missiles
A: claws 1, cold resistance 1, negative energy resistance 3, inhibited
regeneration, torment resistance, unbreathing
a: Renounce Religion, Upheaval, Elemental Force, Disaster Area


You were on level 3 of the Abyss.
You worshipped Qazlal.
Qazlal was exalted by your worship.
You visited 6 branches of the dungeon, and saw 27 of its levels.
You visited the Abyss 1 time.
You also visited: Sewer and Gauntlet.

You collected 3895 gold pieces.
You spent 1294 gold pieces at shops.

Inventory:

Missiles
 n - 3 silver javelins
 v - 6 throwing nets (quivered)
 H - 33 javelins
Armour
 j - a +0 helmet (worn)
 r - a +0 kite shield
 B - a +0 buckler (worn)
 N - the cursed +0 pair of gloves "Xaotwao" {rC+}
   (You found it in a Gauntlet)

   It protects you from cold.
   It has a curse placed upon it.
 R - the +2 pair of boots of Esihaep (worn) {rC+ Str+3}
   (You found it in a Gauntlet)

   It affects your strength (+3).
   It protects you from cold.
 S - a +2 scale mail of cold resistance (worn)
 X - a +2 cloak (worn)
Jewellery
 a - a +4 ring of slaying (left claw)
 h - a ring of protection from fire (right claw)
 p - an uncursed ring of fire
 q - a +4 ring of protection
 A - an uncursed ring of resist corrosion
 D - the ring of Vamar {+Blink Dex+2 Stlth-}
   (You found it on level 7 of the Dungeon)

   [ring of attention]

   It affects your dexterity (+2).
   It lets you blink.
   It makes you less stealthy.
 F - an uncursed ring of protection from cold
 M - an uncursed ring of flight
 Q - an amulet of reflection (around neck)
Wands
 f - a wand of digging (9)
 i - a wand of disintegration (42)
 u - a wand of flame (28)
 y - a wand of iceblast (42)
 E - a wand of polymorph (34)
Scrolls
 b - 6 scrolls of fog
 c - 7 scrolls of magic mapping
 g - 17 scrolls of teleportation
 l - 6 scrolls of identify
 m - 11 scrolls of remove curse
 z - 4 scrolls of enchant armour
 C - a scroll of blinking
 L - a scroll of vulnerability
 P - a scroll of torment
 T - 2 scrolls of fear
 W - 2 scrolls of immolation
Potions
 d - 2 potions of curing
 e - 2 potions of resistance
 o - 6 potions of haste
 s - 2 potions of flight
 w - 13 potions of ambrosia
 x - 3 potions of might
 G - 2 potions of invisibility {unknown}
 I - 3 potions of berserk rage {unknown}
 J - 3 potions of magic {unknown}
 K - 2 potions of cancellation {unknown}
Miscellaneous
 t - a condenser vane
 U - a phantom mirror


   Skills:
 + Level 13.6 Fighting
 - Level 7.2 Armour
 - Level 5.4 Dodging
 - Level 5.4 Stealth
 + Level 8.8 Shields
 - Level 21.3 Unarmed Combat
 - Level 15.3 Invocations


You had 16 spell levels left.
You didn't know any spells.
Your spell library contained the following spells:

 Spells                   Type           Power        Failure   Level
 Animate Skeleton         Necr           0%           75%         1
 Apportation              Tloc           0%           75%         1
 Corona                   Hex            0%           75%         1
 Magic Dart               Conj           0%           75%         1
 Sandblast                Erth           0%           75%         1
 Sting                    Tmut/Pois      0%           75%         1
 Summon Small Mammal      Summ           0%           75%         1
 Passwall                 Tmut/Erth      0%           86%         2
 Poisonous Vapours        Pois/Air       0%           86%         2
 Searing Ray              Conj           0%           86%         2
 Slow                     Hex            0%           86%         2
 Dazzling Flash           Conj/Hex       0%           98%         3
 Ignite Poison            Fire/Tmut/Pois 0%           98%         3
 Inner Flame              Hex/Fire       0%           98%         3
 Mephitic Cloud           Conj/Pois/Air  0%           98%         3
 Portal Projectile        Hex/Tloc       0%           98%         3
 Stone Arrow              Conj/Erth      0%           98%         3
 Cause Fear               Hex            0%           100%        4
 Fulminant Prism          Conj/Hex       0%           100%        4
 Iskenderun's Mystic Bla  Conj/Tloc      0%           100%        4
 Leda's Liquefaction      Hex/Erth       0%           100%        4
 Olgreb's Toxic Radiance  Pois           0%           100%        4
 Petrify                  Tmut/Erth      0%           100%        4
 Lee's Rapid Deconstruct  Erth           0%           100%        5
 Metabolic Englaciation   Hex/Ice        0%           100%        5
 Freezing Cloud           Conj/Ice/Air   0%           100%        6
 Ozocubu's Refrigeration  Ice            0%           100%        6
 Simulacrum               Ice/Necr       0%           100%        6
 Ice Form                 Ice/Tmut       Unusable     N/A         4

Dungeon Overview and Level Annotations

Branches:
Dungeon (15/15)            Temple (1/1) D:7            Lair (6/6) D:8
  Swamp (2/4) Lair:2        Snake (1/4) Lair:4        Slime (0/5) Lair:6
    Orc (2/2) D:11            Elf (0/3) Orc:2        Vaults (0/5) D:13
 Depths (0/5) D:15          Sewer (visited)         Gauntlet (visited)

Altars:
Ashenzari
Cheibriados
Dithmenos
Elyvilon
Fedhas
Gozag
Hepliaklqana
Kikubaaqudgha
Makhleb
Nemelex Xobeh
Okawaru
Qazlal
Ru
Sif Muna
Trog
Uskayaw
Vehumet
Wu Jian
Xom
Yredelemnul
Zin
The Shining One
Beogh

Shops:
D:4 (   Orc:2 *[*}

Portals:
Abyss: D:4
Pandemonium: Orc:2

Annotations:
D:4 2 transporters, Tagedieb's ghost, amateur OpEn
Swamp:2 Louise


Innate Abilities, Weirdness & Mutations

You thrive by killing the living.
You are immune to poison.
You have sharp fingernails.
Your flesh is cold resistant. (rC+)
You are immune to negative energy. (rN+++)
You do not regenerate when monsters are visible.
You are immune to unholy pain and torment.
You can survive without breathing.


Message History

The flying skull is struck by lightning.
You destroy the flying skull!
Qazlal accepts your kill.
You block the large abomination's attack.
The sixfirhy hits you!
* * * LOW HITPOINT WARNING * * *
The sixfirhy shocks you!
* * * LOW HITPOINT WARNING * * *
The thrashing horror tramples you but does no damage.
The thrashing horror barely misses you.
You feel better. The sixfirhy hits you.
* * * LOW HITPOINT WARNING * * *
The sixfirhy shocks you!
Your resistance to physical damage fades away.
You feel protected from electricity.
* * * LOW HITPOINT WARNING * * *
You block the sixfirhy's attack.
You block the thrashing horror's attack. x2
The sixfirhy barely misses you. The large abomination hits you!
You die...

## ...# #. .§..#
..#.## ....# ...
...###....#.
##≈≈≈≈≈♣≈♣.#..#....
# ≈.#.##≈≈.§§....#.
##.≈#.≈≈≈≈≈X≈♣...#
... .≈≈≈#≈@☼≈§≈##
...##..§X§3.○#≈#
..........##...≈≈≈≈
..###.###§..#≈≈≈≈
##. ####.###### ≈≈≈
## ##.## ##.##≈.≈
##...# ..≈≈≈≈
#..... §.x§≈≈
#...... .X.≈....§§


You could see a thrashing horror, a large abomination and a sixfirhy.

Vanquished Creatures
  Jorgrun (D:13)
  Gastronok (Lair:2)
  Frances (D:13)
  A thorn hunter (Swamp:1)
  2 tentacled starspawn (Abyss:3)
  3 orc warlords
  A reaper (Gauntlet)
  A very ugly thing (Abyss:3)
  Nessos (Lair:5)
  A bunyip (Swamp:2)
  A white draconian (Abyss:3)
  2 eleionomae (Swamp:1)
  A minotaur (Gauntlet)
  Josephine (D:13)
  Harold (Lair:1)
  4 vault guards (D:13)
  An ice dragon (D:15)
  14 hydras
  2 boulder beetles
  A centaur warrior (D:13)
  A catoblepas (Lair:4)
  A death knight (D:13)
  2 tengu warriors
  3 alligators
  4 two-headed ogres
  8 death yaks (Lair:6)
  A shock serpent (shapeshifter) (D:15)
  7 orc high priests (Orc:2)
  Urug (Lair:1)
  4 hell hogs (Abyss:3)
  2 soul eaters (Orc:2)
  A sun demon (Orc:2)
  A wretched star (Abyss:3)
  A spriggan druid (Swamp:1)
  4 skeletal warriors (D:15)
  2 sixfirhies (Orc:2)
  A shadow wraith (Abyss:3)
  An unseen horror (D:13)
  A goliath frog (Swamp:1)
  6 bog bodies
  5 swamp dragons
  A gelid demonspawn (Orc:2)
  An infernal demonspawn (Orc:2)
  A deep elf archer (D:13)
  9 orc knights
  3 ugly things
  9 orc sorcerers
  2 deep elf magi
  A will-o-the-wisp (Swamp:1)
  A cyclops (D:13)
  A manticore (D:11)
  A moth of wrath (Gauntlet)
  7 elephants
  5 centaur zombies
  4 black mambas (Lair:6)
  Psyche (D:11)
  Maurice (D:13)
  2 apocalypse crabs (Abyss:3)
  A smoke demon (Abyss:3)
  A guardian serpent (Abyss:3)
  31 cane toads
  2 torpor snails
  2 minotaur zombies (Gauntlet)
  Maggie (Lair:1)
  2 rime drakes
  2 kobold demonologists (D:13)
  A freezing wraith (D:14)
  12 komodo dragons
  An ancient zyme (Abyss:3)
  A hellwing (Orc:2)
  4 tengu conjurers
  10 trolls
  A polar bear (Lair:6)
  3 meliai (D:15)
  2 queen bees
  Prince Ribbit (D:5)
  11 hornets
  25 blink frogs
  8 tyrant leeches
  A raiju (Abyss:3)
  3 slime creatures (D:13)
  6 flying skulls (Abyss:3)
  10 spriggans
  6 starcursed masses (Abyss:3)
  3 water elementals (D:13)
  A shadow (D:13)
  6 wyverns
  5 wraiths
  53 yaks
  6 basilisks
  A human (D:13)
  9 vampire mosquitoes
  2 steam dragons (Lair:3)
  A chaos spawn (Orc:2)
  A neqoxec (Orc:2)
  12 swamp worms
  Edmund (D:5)
  2 nagas (Lair:4)
  2 wargs
  Duvessa (D:5)
  A soldier ant (D:12)
  17 water moccasins
  3 large abominations (Abyss:3)
  A hornet zombie (D:14)
  A black bear (D:8)
  4 ice beasts
  A necrophage (D:11)
  An eye of draining (D:12)
  12 ogres
  32 orc warriors
  2 sky beasts
  13 centaurs
  33 wolves
  A tengu (shapeshifter) (D:13)
  2 small abominations (Abyss:3)
  3 big kobolds
  24 bullfrogs
  Dowan (D:5)
  A wyvern skeleton (D:10)
  5 scorpions
  69 killer bees
  9 wights (D:8)
  A howler monkey (D:5)
  6 electric eels
  2 quasits
  A bullfrog skeleton (D:4)
  A gnoll shaman (D:10)
  27 orc priests
  4 centaur skeletons
  4 hounds
  15 jellies
  An iron imp (Abyss:3)
  Ijyb (D:5)
  2 iguanas
  11 orc wizards
  11 worker ants
  A killer bee zombie (D:10)
  A worker ant zombie (D:11)
  7 adders
  15 gnolls
  A howler monkey skeleton (D:11)
  5 river rats
  6 shadow imps
  2 white imps (D:7)
  3 ufetubi
  3 oozes
  An adder skeleton (D:7)
  3 worms
  6 leopard geckos
  112 orcs
  6 giant cockroaches
  9 goblins
  5 hobgoblins
  12 jackals
  2 quokkas
  3 ball pythons
  4 bats
  11 frilled lizards
  A jackal zombie (D:5)
  10 kobolds
  18 rats
972 creatures vanquished.

Vanquished Creatures (others)
  2 spriggans (Swamp:1)
  A bloated husk (Swamp:1)
  A hornet (Swamp:1)
  A tyrant leech (Swamp:1)
  A wraith (Abyss:3)
  4 golden eyes (Abyss:3)
  2 small abominations (Abyss:3)
  A scorpion (D:4)
  A jelly (Abyss:3)
  A dart slug (D:4)
  2 orcs (Orc:2)
  A kobold (D:13)
  3 foxfires
  29 fungi
  115 plants
165 creatures vanquished.

Grand Total: 1137 creatures vanquished

Notes
Turn   | Place    | Note
-------+----------+-------------------------------------------
     0 | D:5      | Froggeryz the Ghoul Delver began the quest for the Orb.
     0 | D:5      | Reached XP level 1. HP: 19/19 MP: 0/0
     6 | D:4      | Noticed an ogre
     7 | D:4      | Noticed a hound
    66 | D:5      | Reached skill level 3 in Unarmed Combat
    66 | D:5      | Reached XP level 2. HP: 16/26 MP: 1/1
   149 | D:5      | Found a glowing drain.
   153 | Sewer    | Entered a sewer
   227 | Sewer    | Reached XP level 3. HP: 31/31 MP: 2/2
   231 | Sewer    | Reached skill level 4 in Unarmed Combat
   495 | Sewer    | Reached XP level 4. HP: 32/38 MP: 3/3
   876 | D:5      | Noticed an ice beast
   933 | D:5      | Noticed Dowan
   948 | D:4      | Reached skill level 5 in Unarmed Combat
  1252 | D:3      | Reached XP level 5. HP: 45/45 MP: 4/4
  1261 | D:3      | Found a sparkling altar of Nemelex Xobeh.
  1740 | D:1      | Reached skill level 6 in Unarmed Combat
  2885 | D:2      | Found a faded altar of an unknown god.
  2977 | D:2      | Found a basalt altar of Yredelemnul.
  3619 | D:3      | Reached XP level 6. HP: 51/51 MP: 5/5
  3793 | D:3      | Reached skill level 1 in Shields
  4195 | D:3      | Reached skill level 7 in Unarmed Combat
  4571 | D:4      | Reached XP level 7. HP: 50/57 MP: 6/6
  4726 | D:4      | Found a radiant altar of Vehumet.
  4846 | D:4      | Found a one-way gate to the infinite horrors of the Abyss.
  4846 | D:4      | Noticed Tagedieb's ghost (amateur OpEn)
  4854 | D:4      | Identified the +4 short sword of Offence {distort, +Fly}
  4902 | D:4      | Found a transporter.
  4902 | D:4      | Noticed a toenail golem
  4911 | D:4      | Found a transporter.
  5001 | D:4      | Reached skill level 8 in Unarmed Combat
  5322 | D:4      | Found a snail-covered altar of Cheibriados.
  5323 | D:4      | Found a bloodstained altar of Trog.
  5472 | D:4      | Found Lexes's Weapon Shop.
  5633 | D:5      | Noticed Ijyb
  5644 | D:5      | Killed Ijyb
  5697 | D:5      | Noticed Edmund
  5709 | D:5      | Killed Edmund
  5710 | D:5      | Reached skill level 9 in Unarmed Combat
  5710 | D:5      | Reached XP level 8. HP: 57/63 MP: 7/7
  5876 | D:5      | Noticed Duvessa
  5899 | D:5      | Killed Duvessa
  5900 | D:5      | Killed Dowan
  6291 | D:5      | Noticed Prince Ribbit
  6302 | D:5      | Killed Prince Ribbit
  6303 | D:5      | Reached skill level 10 in Unarmed Combat
  6692 | D:6      | Reached XP level 9. HP: 70/70 MP: 8/8
  6975 | D:7      | Reached skill level 5 in Shields
  7184 | D:7      | Found a staircase to the Ecumenical Temple.
  7215 | Temple   | Entered the Ecumenical Temple
  7222 | Temple   | Became a worshipper of Qazlal Stormbringer
  7293 | D:7      | Reached skill level 11 in Unarmed Combat
  7507 | D:7      | Found a shadowy altar of Dithmenos.
  7669 | D:7      | Got a pitted lead ring
  7855 | D:7      | Identified the ring of Vamar {+Blink Dex+2 Stlth-} (You
                  | found it on level 7 of the Dungeon)
  8173 | D:8      | Found a shimmering blue altar of Sif Muna.
  8424 | D:8      | Reached * piety under Qazlal
  8437 | D:8      | Reached skill level 12 in Unarmed Combat
  8553 | D:8      | Reached skill level 1 in Armour
  9191 | D:8      | Found a staircase to the Lair.
  9215 | Lair:1   | Entered Level 1 of the Lair of Beasts
  9249 | Lair:1   | Noticed Maggie
  9268 | Lair:1   | Reached XP level 10. HP: 34/77 MP: 9/9
  9282 | Lair:1   | Killed Maggie
  9558 | Lair:1   | Reached skill level 13 in Unarmed Combat
  9807 | Lair:1   | Noticed a cane toad
  9808 | Lair:1   | Noticed a cane toad
  9813 | Lair:1   | Noticed a cane toad
  9816 | Lair:1   | Killed a cane toad
  9818 | Lair:1   | Noticed Harold
 10002 | D:8      | Killed a cane toad
 10204 | D:8      | Killed a cane toad
 10280 | Lair:1   | Noticed a cane toad
 10301 | Lair:1   | Reached skill level 14 in Unarmed Combat
 10311 | Lair:1   | Killed a cane toad
 10360 | Lair:1   | Noticed Urug
 10365 | Lair:1   | Killed Urug
 10366 | Lair:1   | Reached skill level 5 in Fighting
 10366 | Lair:1   | Reached XP level 11. HP: 35/86 MP: 10/10
 11441 | D:8      | Reached skill level 15 in Unarmed Combat
 11714 | Lair:1   | Killed Harold
 11996 | Lair:2   | Noticed a five-headed hydra
 12000 | Lair:2   | Killed a five-headed hydra
 12065 | Lair:1   | Reached ** piety under Qazlal
 12696 | D:9      | Reached skill level 16 in Unarmed Combat
 12779 | D:9      | Found a stormy altar of Qazlal.
 13149 | D:10     | Entered Level 10 of the Dungeon
 13792 | D:10     | Reached XP level 12. HP: 80/101 MP: 11/11
 14235 | D:11     | HP: 1/101 [manticore (10)]
 14917 | D:11     | Reached *** piety under Qazlal
 15083 | D:11     | Noticed a two-headed ogre
 15091 | D:11     | Killed a two-headed ogre
 15114 | D:11     | Identified the ring of Ozulleh {MP+9 Int+3 Stlth+}
 15385 | D:11     | Noticed Psyche
 15400 | D:11     | Killed Psyche
 15401 | D:11     | Reached skill level 17 in Unarmed Combat
 15717 | D:11     | Found a staircase to the Orcish Mines.
 16026 | Lair:2   | Noticed Gastronok
 16273 | Lair:2   | Killed Gastronok
 16279 | Lair:2   | Noticed a six-headed hydra
 16304 | Lair:1   | Reached **** piety under Qazlal
 16533 | Lair:2   | HP: 4/106 [blink frog (12)]
 17120 | Lair:2   | Reached skill level 10 in Fighting
 17170 | Lair:2   | Reached skill level 18 in Unarmed Combat
 17212 | Lair:2   | Reached XP level 13. HP: 75/113 MP: 12/12
 17437 | Lair:2   | Reached skill level 1 in Invocations
 17469 | Lair:2   | Reached ***** piety under Qazlal
 17768 | Lair:2   | Found an ancient bone altar of Kikubaaqudgha.
 17962 | Lair:2   | Found a staircase to the Swamp.
 18393 | Lair:2   | Found an ornate altar of the Wu Jian Council.
 18407 | Lair:2   | Found a hide-covered altar of Uskayaw.
 19040 | Lair:3   | Reached skill level 19 in Unarmed Combat
 19183 | Lair:3   | Reached skill level 5 in Invocations
 19812 | Lair:4   | Found a staircase to the Snake Pit.
 20356 | Lair:4   | Reached ****** piety under Qazlal
 20621 | Lair:4   | Reached XP level 14. HP: 121/121 MP: 17/17
 21050 | Snake:1  | Entered Level 1 of the Snake Pit
 21137 | Lair:5   | Found a gate leading to a gauntlet.
 21143 | Lair:5   | Noticed Nessos
 21146 | Gauntlet | Entered a Gauntlet
 21146 | Gauntlet | Found a transporter.
 21146 | Gauntlet | Found a runed translucent gate.
 21146 | Gauntlet | Found a runed translucent gate.
 21146 | Gauntlet | Found a runed translucent gate.
 21187 | Gauntlet | Found a transporter.
 21189 | Gauntlet | Found a transporter.
 21203 | Gauntlet | Found a transporter.
 21205 | Gauntlet | Found a transporter.
 21214 | Gauntlet | Found a transporter.
 21230 | Gauntlet | Found a transporter.
 21239 | Gauntlet | Noticed a reaper
 21240 | Gauntlet | Found a transporter.
 21248 | Gauntlet | Found a runed translucent door.
 21250 | Gauntlet | Found a transporter.
 21252 | Gauntlet | Found a runed translucent door.
 21256 | Gauntlet | Found a transporter.
 21256 | Gauntlet | Found a transporter.
 21258 | Gauntlet | Found a transporter.
 21289 | Gauntlet | Found a transporter.
 21479 | Gauntlet | Killed a reaper
 21480 | Gauntlet | Reached skill level 20 in Unarmed Combat
 21490 | Gauntlet | Got a pair of transparent gloves
 21494 | Gauntlet | Got a pair of translucent boots
 21495 | Gauntlet | Identified the +2 pair of boots of Esihaep {rC+ Str+3} (You
                  | found it in a Gauntlet)
 21496 | Gauntlet | Identified the cursed +0 pair of gloves "Xaotwao" {rC+}
                  | (You found it in a Gauntlet)
 21931 | Lair:5   | Killed Nessos
 22529 | Lair:6   | Entered Level 6 of the Lair of Beasts
 22668 | Lair:6   | Reached skill level 21 in Unarmed Combat
 22744 | Lair:6   | Reached XP level 15. HP: 126/126 MP: 21/21
 22945 | Lair:6   | Reached skill level 10 in Invocations
 23417 | Lair:6   | Found a staircase to the Slime Pits.
 23600 | Lair:6   | Identified 3 scrolls of acquirement
 23601 | Lair:6   | Acquired 529 gold pieces
 23602 | Lair:6   | Acquired 675 gold pieces
 23603 | Lair:6   | Acquired 239 gold pieces
 23901 | Orc:1    | Entered Level 1 of the Orcish Mines
 23909 | Orc:1    | Noticed an orc warlord
 23954 | D:11     | Reached skill level 5 in Armour
 24032 | D:11     | Killed an orc warlord
 24575 | Orc:1    | Found a roughly hewn altar of Beogh.
 24847 | Orc:2    | Entered Level 2 of the Orcish Mines
 24885 | Orc:2    | Found a staircase to the Elven Halls.
 24935 | Orc:2    | Noticed an orc warlord
 25394 | D:9      | Killed an orc warlord
 25976 | Orc:2    | Found Baviwyc's General Store.
 25977 | Orc:2    | Found Puecon's General Store.
 26547 | Orc:2    | Bought a scroll of fog for 22 gold pieces
 26547 | Orc:2    | Bought a scroll of magic mapping for 38 gold pieces
 26547 | Orc:2    | Bought a scroll of enchant armour for 82 gold pieces
 26549 | Orc:2    | Bought a potion of haste for 160 gold pieces
 26549 | Orc:2    | Bought a scroll of fog for 32 gold pieces
 26549 | Orc:2    | Bought a scroll of identify for 32 gold pieces
 26549 | Orc:2    | Bought a scroll of remove curse for 48 gold pieces
 27072 | Orc:2    | Found Sicud's Antique Armour Shoppe.
 27072 | Orc:2    | Found Baroiwai's Gadget Emporium.
 27072 | Orc:2    | Found a one-way gate leading to the halls of Pandemonium.
 27122 | Orc:2    | Bought a runed scarf for 200 gold pieces
 27145 | Orc:2    | Bought a condenser vane for 680 gold pieces
 27696 | D:12     | Reached XP level 16. HP: 136/136 MP: 24/24
 28477 | D:13     | Noticed Frances
 28499 | D:13     | Noticed Maurice
 28503 | D:13     | Killed Frances
 28520 | D:13     | Killed Maurice
 28817 | D:13     | Noticed Josephine
 28825 | D:13     | Killed Josephine
 29267 | D:13     | Noticed Jorgrun
 29278 | D:13     | Found a gate to the Vaults.
 29832 | D:13     | Killed Jorgrun
 30224 | D:13     | Found a sparkling altar of Nemelex Xobeh.
 31187 | D:15     | Entered Level 15 of the Dungeon
 31216 | D:15     | Reached skill level 5 in Dodging
 31911 | D:15     | Found a staircase to the Depths.
 32301 | Swamp:1  | Entered Level 1 of the Swamp
 32848 | Swamp:1  | Reached XP level 17. HP: 146/147 MP: 26/26
 33183 | Swamp:1  | Reached skill level 15 in Invocations
 33243 | Swamp:1  | Found an ancient bone altar of Kikubaaqudgha.
 34183 | Swamp:2  | Identified the cursed +0 tower shield of the Ditch-Digger
                  | {rN+ MP-9 Dex+2}
 34183 | Swamp:2  | Noticed Louise
 34185 | Swamp:2  | Cast into level 3 of the Abyss (Louise)
 34818 | Abyss:3  | Noticed a tentacled starspawn
 34823 | Abyss:3  | Killed a tentacled starspawn
 34824 | Abyss:3  | Noticed an Executioner
 34834 | Abyss:3  | Noticed a bone dragon
 34836 | Abyss:3  | Found a corrupted altar of Lugonu.
 34886 | Abyss:3  | Noticed a tentacled starspawn
 34892 | Abyss:3  | Killed a tentacled starspawn
 35031 | Abyss:3  | HP: 4/150 [sixfirhy (11)]
 35031 | Abyss:3  | Mangled by a large abomination

Illustrated notes

Levels and vault maps discovered:
D:1:      eino_arrival_tree_alley, layout_rooms
D:2:      layout_loops_ring, yredelemnul_altar_generic,
          chequers_ecumenical_altar_simple_redux
D:3:      layout_basic, nemelex_xobeh_ov_fountains_minmay
D:4:      layout_loops_ring, fiery_altar_vehumet,
          gammafunk_temple_overflow_statue, gammafunk_ghost_abyssal_escape,
          serial_glass, glass_columns_a, glass_columns_c, serial_shops,
          nicolae_shop_window_shopping
D:5:      layout_basic, gup_sewer_entry_bowl, uniq_duvessa, uniq_edmund,
          uniq_ijyb, uniq_prince_ribbit1
D:6:      layout_loops_cross
D:7:      layout_loops_ring, grunt_dithmenos_smoke, temple_doors_e,
          serial_bayou_pond_a, minmay_misc_feat_enclosed
D:8:      layout_loops_corners, kennysheep_mini, lair_entry_dummy,
          minmay_stone_trees_medium
D:9:      layout_small_grid, grunt_qazlal_clouds
D:10:     layout_stronghold
D:11:     layout_small_grid, hiddenorc1_lemuel, kennysheep_another_room,
          minmay_misc_feat_doors, uniq_psyche
D:12:     kennysheep_scales, layout_grid_maze
D:13:     layout_loops_ring, grunt_vaults_entry_fortified, serial_bayou,
          serial_bayou_shore_a, serial_bayou_lake_a, serial_bayou_crossing,
          serial_bayou_pond_a, grunt_ministairs_13, minivault_22,
          lemuel_centaur_altar, uniq_frances, uniq_josephine, uniq_jorgrun,
          uniq_maurice
D:14:     layout_basic
D:15:     grunt_enter_depths_hoard, layout_basic, serial_glass, glass_columns_a,
          glass_columns_a, glass_columns_b, glass_columns_b, glass_columns_a,
          glass_columns_a, glass_columns_a, glass_columns_b,
          due_unseen_surprise, item_on_display_a, serial_park_tiny_1,
          fungi_pond_lemuel
Temple:   nicolae_temple_no_exploring_needed
Lair:1:   layout_layer_cave, beast_lair_carwin_5, uniq_maggie, uniq_urug,
          uniq_harold
Lair:2:   layout_roguey [special_room_bee], minmay_swamp_entry_worms,
          basic_altar, st_stairs_4, nzn_masters_of_martial_movement,
          lemuel_fruit_tree, uniq_gastronok
Lair:3:   regret_index_tunnel_blossom, layout_regular_city
Lair:4:   layout_hall_layers, minmay_snake_entry_guardpost_small
Lair:5:   layout_regular_city, gauntlet_entry_generic, uniq_nessos
Lair:6:   minmay_lair_end_frog_pond, layout_big_grid,
          minmay_slime_entry_jelly_boxes
Swamp:1:  layout_falls_marsh, evilmike_swamp_ruin_rubble_1, swamp_pool3,
          grunt_ruined_hall, infiniplex_staircase_pool
Swamp:2:  layout_basic_swamp, nicolae_swamp_treefoil, swamp_pool4, uniq_louise
Snake:1:  minmay_snake_river, layout_basic
Orc:1:    layout_caves, basic_altar
Orc:2:    pf_orc_diabolical, layout_caves
Abyss:3:  base: Snake:3, bh_abyss_xom_lugonu_altar,
          nicolae_abyss_rune_left_handed, eino_small_chamber_without_monster,
          minivault_20, doesnt_abyss_rune_brain_food,
          hangedman_abyss_or_decor_stagger,
          dshaligram_kb_abyss_rune_zappy_water_cross, due_exit_kobolds

Skill      XL: |  1  2  3  4  5  6  7  8  9 10 11 12 13 14 15 16 17 |
---------------+----------------------------------------------------+-----
Unarmed Combat | 3 4 5 6 7 9 10 12 14 16 18 19 21 | 21.3
Shields        | 2 3 4 6 7 8 |  8.8
Armour         | 2 4 6 7 |  7.2
Fighting       | 5 7 10 12 13 | 13.6
Invocations    | 6 9 12 14 15 | 15.3
Dodging        | 2 5 |  5.4
Stealth        | |  5.4

Action                   |  1- 3 |  4- 6 |  7- 9 | 10-12 | 13-15 | 16-18 || total
-------------------------+-------+-------+-------+-------+-------+-------++-------
Melee: Unarmed           |    51 |   247 |   373 |   562 |  1120 |   791 ||  3144
       Punch             |       |     1 |    10 |    34 |    25 |       ||    70
Throw: Javelin           |       |       |     4 |       |     3 |       ||     7
Invok: Upheaval          |       |       |       |       |     5 |       ||     5
Evoke: Wand              |       |       |     2 |    17 |     6 |     4 ||    29
  Use: Potion            |       |     5 |       |     7 |       |     8 ||    20
       Scroll            |       |       |    14 |     2 |    18 |     6 ||    40
 Stab: Sleeping          |     4 |     6 |     2 |       |       |       ||    12
       Distracted        |       |       |     1 |       |       |       ||     1
       Paralysed         |       |       |       |    15 |       |       ||    15
Armor: Leather armour    |     7 |    22 |       |       |       |       ||    29
       Scale mail        |       |    30 |   165 |   194 |   270 |   226 ||   885
Dodge: Dodged            |    23 |   122 |   206 |   216 |   289 |   166 ||  1022
       Repelled          |       |       |       |     1 |     4 |     5 ||    10
Block: Other             |       |       |     1 |    70 |   162 |       ||   233
       Reflection        |       |       |       |       |    22 |    56 ||    78
       Buckler           |       |       |       |       |   554 |   584 ||  1138
